 Dungeon Crawl Stone Soup version 0.24.0-13-gcf9b319 (webtiles) character file.

Game seed: 803694589092507315, levelgen mode: deterministic

11292 Bronimir the Martial Artist (level 11, -3/74 HPs)
             Began as a Merfolk Transmuter on Mar 29, 2020.
             Was an Elder of Ru.
             Slain by a five-headed hydra (6 damage)
             ... on level 3 of the Lair of Beasts.
             The game lasted 00:33:36 (15889 turns).

Bronimir the Martial Artist (Merfolk Transmuter)   Turns: 15889, Time: 00:33:36

Health: -3/74      AC:  2    Str: 13    XL:     11   Next: 75%
Magic:  12/19      EV: 30    Int: 13    God:    Ru [****..]
Gold:   661        SH:  0    Dex: 20    Spells: 1/21 levels left

rFire    . . .     SeeInvis .     - Unarmed
rCold    . . .     Gourm    .   (shield currently unavailable)
rNeg     + . .     Faith    .   (armour currently unavailable)
rPois    .         Spirit   .   (helmet currently unavailable)
rElec    .         Reflect  .   (cloak currently unavailable)
rCorr    .         Harm     .   (gloves currently unavailable)
MR       .....                  (boots currently unavailable)
Stlth    +.........             (no amulet)
HPRegen  0.22/turn              n - ring of flight
MPRegen  0.16/turn              I - ring "Hotuomen" {rPois rN+}

@: spider-form, very slow
A: tiny, (change form in water), (swift swim), (stealthy swim), inability to use
devices, inexperienced 1
a: End Transformation, Draw Out Power, Power Leap, Renounce Religion


You were on level 3 of the Lair of Beasts.
You worshipped Ru.
Ru was greatly pleased with you.
You were very hungry.
You were a venomous arachnid creature.
You visited 2 branches of the dungeon, and saw 13 of its levels.

You collected 661 gold pieces.

Inventory:

Hand Weapons
 b - a +0 hand crossbow (melded)
 h - a +0 dagger
 t - a +3 quarterstaff of chaos
 N - a +0 shortbow
Missiles
 a - 137 arrows
 g - 83 sling bullets
 j - 227 stones
 m - 56 poisoned darts (quivered)
 w - 173 bolts
Armour
 e - a +0 leather armour (melded)
 r - a +0 pair of boots (melded)
 u - a +3 buckler (melded)
 v - a +1 hat (melded)
 y - a +0 cloak (melded)
 F - a +2 ring mail of poison resistance
 O - a +0 pair of gloves (melded)
Jewellery
 n - a ring of flight (left front leg)
 C - an uncursed ring of flight
 I - the ring "Hotuomen" (right front leg) {rPois rN+}
   (You found it on level 6 of the Dungeon)

   [ring of poison resistance]

   It protects you from poison.
   It protects you from negative energy.
 J - an uncursed ring of resist corrosion {unknown}
 Q - an uncursed ring of positive energy {unknown}
Wands
 D - a wand of flame (16)
Scrolls
 l - 3 scrolls of fog
 o - 13 scrolls of identify
 p - a scroll of silence {unknown}
 q - 6 scrolls of teleportation
 B - 3 scrolls of remove curse
 H - a scroll of magic mapping
 K - a scroll of torment {unknown}
Potions
 c - 2 potions of might
 f - 2 potions of brilliance {unknown}
 i - a potion of mutation {unknown}
 k - 2 potions of agility {unknown}
 s - a potion of berserk rage
 x - 2 potions of magic
 z - 4 potions of heal wounds
 A - 3 potions of curing
 E - 2 potions of experience {unknown}
 G - a potion of invisibility {unknown}
 L - a potion of haste {unknown}
 M - 2 potions of lignification {unknown}
 P - a potion of degeneration {unknown}
 R - a potion of cancellation {unknown}
 S - a potion of flight {unknown}
Comestibles
 d - 20 rations


   Skills:
 + Level 2.8 Fighting
 + Level 1.0 Crossbows
 * Level 4.1 Armour
 * Level 9.4 Dodging
 - Level 4.0 Shields
 * Level 12.3 Unarmed Combat
 * Level 5.9 Spellcasting
 + Level 2.5 Summonings
 * Level 8.5 Transmutations
 * Level 5.8 Poison Magic


You had one spell level left.
You knew the following spells:

 Your Spells              Type           Power        Failure   Level  Hunger
a - Beastly Appendage     Tmut           ####..       3%          1    None
b - Sticks to Snakes      Tmut           ####....     4%          2    ##.....
c - Spider Form           Tmut/Pois      ###.......   10%         3    ###....
d - Call Imp              Summ           ##......     24%         2    ##.....
e - Blade Hands           Tmut           ####......   32%         5    ######.
f - Mephitic Cloud        Conj/Pois/Air  #.......     43%         3    ###....
g - Ice Form              Ice/Tmut       ##......     50%         4    ####...

Your spell library contained the following spells:

 Spells                   Type           Power        Failure   Level  Hunger
 Magic Dart               Conj           #...         36%         1    None
 Blink                    Tloc           N/A          47%         2    ##.....
 Slow                     Hex            #.......     47%         2    ##.....
 Conjure Flame            Conj/Fire      #.......     67%         3    ###....


Dungeon Overview and Level Annotations

Branches:
Dungeon (10/15)            Temple (0/1) D:6            Lair (3/6) D:9
 Shoals (0/4) Lair:3
  Snake: Lair:2-4    Spider: Lair:2-4       Orc: D:9-12

Altars:
Gozag
Hepliaklqana
Ru
Wu Jian
The Shining One

Annotations:
Lair:2 1 runed translucent door, Qucvyi Areg's ghost, journeyman DrTm


Innate Abilities, Weirdness & Mutations

((You revert to your normal form in water.))
((You are very nimble and swift while swimming.))
((You are very stealthy in the water. (Stealth+)))
You cannot study or use magical devices.
You are somewhat inexperienced. (-2 XL)


Message History

The five-headed hydra bites you!
Casting: Sticks to Snakes (safe; 4% risk of failure)
Confirm with . or Enter, or press ? or * to list all spells.
You create a snake!
You now have 137 arrows.
The five-headed hydra closely misses you.
The five-headed hydra completely misses you.
The five-headed hydra closely misses you.
The five-headed hydra bites you! x2; Your adder bites the five-headed hydra.
You enter the shallow water.
Moving in this stuff is going to be slow.
Your ball python bites the five-headed hydra.
Your adder bites the five-headed hydra.
The five-headed hydra misses you. The five-headed hydra bites you! x2
* * * LOW HITPOINT WARNING * * *
The five-headed hydra bites you!
* * * LOW HITPOINT WARNING * * *
The five-headed hydra misses you.
Your ball python bites the five-headed hydra.
Your adder bites the five-headed hydra.
The five-headed hydra bites you.
You die...

#....P......###.##.#
#...#.P.####.........
......### ##.###.#..#
.##... #..# ###.
##.## #. ##...#
≈.≈#.P.###
.^≈≈...≈..##
.≈##≈..#≈sS#
##≈###SD# ≈.. ≈..(S#
≈≈.>.#≈...# ≈..≈.
.≈≈.## .#≈≈ ≈≈≈... #
≈##≈..## .. ##..P


You could see a five-headed hydra, a friendly adder and 2 friendly ball pythons.

Vanquished Creatures
  Pikel (D:7)
  2 komodo dragons (Lair:1)
  A troll (D:9)
  3 blink frogs (Lair:1)
  A polar bear (Lair:3)
  2 hippogriffs
  A wyvern (Lair:2)
  19 yaks
  A human (D:8)
  2 hungry ghosts (D:8)
  3 hogs (D:8)
  6 water moccasins
  2 orc warriors
  Duvessa (D:4)
  6 porcupines
  A black bear (D:5)
  A phantom (D:8)
  An ice beast (D:6)
  A sky beast (D:9)
  An eye of draining (D:9)
  7 ogres
  6 crocodiles
  A centaur (D:9)
  3 big kobolds
  10 bullfrogs
  A gnoll sergeant (D:9)
  A scorpion (D:8)
  Dowan (D:4)
  12 wights
  5 howler monkeys
  2 crimson imps
  A quasit (D:5)
  3 hounds
  2 jellies
  Crazy Yiuf (D:3)
  A gnoll shaman (D:4)
  3 orc priests
  8 orc wizards
  A bullfrog skeleton (D:9)
  5 worker ants
  4 iguanas
  2 worker ant zombies
  8 gnolls
  7 adders
  A shadow imp (D:8)
  An ooze (D:4)
  An adder skeleton (D:4)
  2 worms (D:2)
  7 dart slugs
  7 leopard geckos
  17 orcs
  12 bats
  3 giant cockroaches
  3 goblins
  10 hobgoblins
  19 jackals
  12 kobolds
  4 quokkas
  2 ball pythons
  6 frilled lizards
  A leopard gecko skeleton (D:3)
  A quokka skeleton (D:8)
  A quokka zombie (D:8)
  6 rats
  A fungus (D:3)
268 creatures vanquished.

Vanquished Creatures (collateral kills)
  A gnoll (D:4)
  An adder (D:4)
  An adder skeleton (D:4)
  A worm (D:2)
  A bat (D:3)
  A hobgoblin (D:1)
  A jackal (D:3)
7 creatures vanquished.

Vanquished Creatures (others)
  A hog (D:8)
  A scorpion (D:7)
  A centaur skeleton (D:7)
  An adder (D:7)
  A shadow imp (D:7)
  An orc (D:7)
  2 kobolds
  A leopard gecko skeleton (D:7)
  2 bushes (D:9)
  3 fungi (D:9)
  23 plants
37 creatures vanquished.

Grand Total: 312 creatures vanquished

Notes
Turn   | Place    | Note
-------+----------+-------------------------------------------
     0 | D:1      | Bronimir the Merfolk Transmuter began the quest for the
                  | Orb.
     0 | D:1      | Reached XP level 1. HP: 15/15 MP: 3/3
   382 | D:1      | Reached XP level 2. HP: 20/21 MP: 3/5
   463 | D:1      | Learned a level 2 spell: Sticks to Snakes
  1057 | D:1      | Reached XP level 3. HP: 26/26 MP: 4/6
  1190 | D:2      | Learned a level 3 spell: Spider Form
  1972 | D:2      | Reached XP level 4. HP: 30/32 MP: 1/7
  2500 | D:2      | Found a sacrificial altar of Ru.
  2546 | D:2      | Reached skill level 1 in Armour
  2565 | D:2      | Became a worshipper of Ru the Awakened
  2737 | D:2      | Reached skill level 4 in Unarmed Combat
  2738 | D:2      | Found an opulent altar of Gozag.
  3453 | D:3      | Reached XP level 5. HP: 33/37 MP: 8/8
  4176 | D:3      | Found a runed translucent door.
  4177 | D:3      | Noticed Crazy Yiuf
  4197 | D:3      | Killed Crazy Yiuf
  4537 | D:4      | Reached skill level 1 in Poison Magic
  4538 | D:4      | Noticed Duvessa
  4856 | D:3      | Reached skill level 1 in Shields
  4856 | D:3      | Reached XP level 6. HP: 33/43 MP: 9/9
  5204 | D:4      | Found the +7 Kryia's mail coat {PotionHeal*2 rC+}
  5253 | D:4      | Noticed Dowan
  5554 | D:3      | Learned a level 2 spell: Call Imp
  5566 | D:4      | Killed Dowan
  5658 | D:4      | Killed Duvessa
  5658 | D:4      | Reached skill level 5 in Unarmed Combat
  5658 | D:4      | Reached XP level 7. HP: 21/48 MP: 0/11
  5972 | D:4      | Found a hazy altar of Hepliaklqana.
  6002 | D:4      | Gained mutation: You are somewhat inexperienced. (-2 XL)
                  | [Ru sacrifice]
  6002 | D:4      | Reached XP level 6. HP: 44/44 MP: 9/10
  6002 | D:4      | Reached XP level 5. HP: 38/38 MP: 9/9
  6002 | D:4      | Reached * piety under Ru
  6002 | D:4      | Reached ** piety under Ru
  6038 | D:5      | Entered Level 5 of the Dungeon
  6086 | D:4      | Reached skill level 1 in Summonings
  6122 | D:4      | Reached XP level 6. HP: 30/44 MP: 3/10
  6900 | D:5      | Noticed a black bear
  6911 | D:5      | Killed a black bear
  7375 | D:6      | Reached XP level 7. HP: 46/50 MP: 4/11
  7516 | D:6      | Reached skill level 5 in Transmutations
  7636 | D:6      | Got a scintillating iron ring
  7637 | D:6      | Found a staircase to the Ecumenical Temple.
  7638 | D:6      | Identified the ring "Hotuomen" {rPois rN+} (You found it on
                  | level 6 of the Dungeon)
  7777 | D:6      | Reached skill level 6 in Unarmed Combat
  7936 | D:6      | Reached skill level 5 in Dodging
  8214 | D:6      | Found a sacrificial altar of Ru.
  8294 | D:6      | Reached XP level 8. HP: 14/56 MP: 10/13
  9112 | D:7      | Reached skill level 7 in Unarmed Combat
  9228 | D:7      | Learned a level 5 spell: Blade Hands
  9252 | D:7      | Noticed Pikel
  9264 | D:7      | Killed Pikel
  9264 | D:7      | Reached XP level 9. HP: 36/62 MP: 11/15
  9477 | D:7      | Reached skill level 8 in Unarmed Combat
  9658 | D:7      | Gained mutation: You cannot study or use magical devices.
                  | [Ru sacrifice]
  9658 | D:7      | Reached *** piety under Ru
  9658 | D:7      | Reached **** piety under Ru
 10394 | D:8      | Reached skill level 9 in Unarmed Combat
 10769 | D:8      | Reached XP level 10. HP: 66/68 MP: 16/16
 11265 | D:9      | Reached skill level 10 in Unarmed Combat
 12255 | D:9      | Found an ornate altar of the Wu Jian Council.
 12257 | D:9      | Reached skill level 5 in Spellcasting
 12535 | D:9      | Found a glowing golden altar of the Shining One.
 12881 | D:9      | Found a staircase to the Lair.
 12913 | D:9      | Reached skill level 5 in Poison Magic
 12919 | D:9      | Reached skill level 11 in Unarmed Combat
 12922 | D:9      | Reached XP level 11. HP: 55/74 MP: 15/19
 12960 | D:9      | Learned a level 3 spell: Mephitic Cloud
 12965 | D:9      | Learned a level 4 spell: Ice Form
 13473 | D:10     | Entered Level 10 of the Dungeon
 13499 | Lair:1   | Entered Level 1 of the Lair of Beasts
 13890 | Lair:1   | Reached skill level 12 in Unarmed Combat
 14914 | Lair:2   | Found a runed translucent door.
 15501 | Lair:2   | Noticed Qucvyi Areg's ghost (journeyman DrTm)
 15825 | Lair:3   | Reached skill level 1 in Crossbows
 15876 | Lair:3   | Found a staircase to the Shoals.
 15881 | Lair:3   | Noticed a five-headed hydra
 15889 | Lair:3   | HP: 3/74 [five-headed hydra (11)]
 15889 | Lair:3   | Slain by a five-headed hydra

Levels and vault maps discovered:
D:1:      lightli_arrival_boilingwater, layout_basic
D:2:      kennysheep_six_static_rooms, layout_basic,
          nicolae_overflow_crystal_walls, marbit_many_paths, first_ration
D:3:      layout_loops_ring, serial_park_tiny_2, uniq_crazy_yiuf_cottage
D:4:      layout_rooms, lemuel_round_altar, minmay_bisected, uniq_duvessa
D:5:      black_bear_nest_2, layout_loops_ring, grunt_ministairs_6
D:6:      layout_basic, minmay_temple_entry_sparse_star, serial_bayou_pond_a,
          hangedman_abyss_or_decor_passed, nicolae_ru_awakened_eye
D:7:      layout_cave_pools, uniq_pikel
D:8:      layout_cave_pools, grunt_livestock
D:9:      layout_loops_corners, minitemple, minmay_lair_entry_grove,
          minmay_between
D:10:     minmay_klotski, layout_irregular_city, uniq_grum
Lair:1:   layout_roguey, patterned_corridor
Lair:2:   layout_regular_city, ebering_ghost_reflecting_pool,
          chequers_serial_rivers_room_a
Lair:3:   layout_small_grid, elwin_shoals_entry_rocks,
          nicolae_spider_entry_orb_guardian

Skill      XL: |  1  2  3  4  5  6  7  8  9 10 11 |
---------------+----------------------------------+-----
Dodging        | 3 4 5 6 8 9 |  9.4
Transmutations | 3 4 5 6 7 8 |  8.5
Armour         | 1 2 3 4 |  4.1
Unarmed Combat | 4 5 6 7 9 11 12 | 12.3
Poison Magic   | 1 2 3 4 5 |  5.8
Shields        | 1 3 4 |  4.0
Spellcasting   | 3 4 5 |  5.9
Fighting       | 2 |  2.8
Summonings     | 1 2 |  2.5
Crossbows      | 1 |  1.0

Action                   |  1- 3 |  4- 6 |  7- 9 | 10-12 || total
-------------------------+-------+-------+-------+-------++-------
Melee: Unarmed           |   119 |   309 |   313 |   353 ||  1094
       Tailslap          |     1 |       |       |       ||     1
       Headbutt          |    15 |    26 |       |       ||    41
       Punch             |     1 |       |       |       ||     1
 Fire: Hand crossbow     |       |       |       |    74 ||    74
Throw: Dart              |       |       |     4 |       ||     4
 Cast: Beastly Appendage |    16 |    30 |     1 |     1 ||    48
       Sticks to Snakes  |     3 |    24 |     2 |     2 ||    31
       Spider Form       |       |    10 |    28 |    30 ||    68
Invok: Sacrifice Experie |       |     1 |       |       ||     1
       Sacrifice Artific |       |       |     1 |       ||     1
       Reject Sacrifices |       |       |       |     1 ||     1
  Use: Scroll            |       |     7 |       |     4 ||    11
       Potion            |       |     2 |     1 |       ||     3
 Stab: Sleeping          |       |     2 |       |     1 ||     3
       Distracted        |       |     1 |     2 |     2 ||     5
       Invisible         |       |       |     1 |     2 ||     3
  Eat: Chunk             |     4 |    13 |    13 |    18 ||    48
       Ration            |       |     2 |     1 |       ||     3
Armor: Robe              |     1 |       |       |       ||     1
       Leather armour    |    50 |    56 |     8 |     6 ||   120
       Skin              |       |     9 |     7 |     7 ||    23
Dodge: Dodged            |   105 |   251 |   268 |   289 ||   913
Block: Buckler           |       |    32 |    11 |    17 ||    60
